 Dungeon Crawl Stone Soup version 0.21.1-1-g345015f (webtiles) character file.

45 jacobsmitz the Skirmisher (level 3, -5/33 HPs)
             Began as a Hill Orc Fighter on June 14, 2018.
             Slain by an ogre
             ... wielding a cursed -1 giant club
              (14 damage)
             ... on level 6 of the Dungeon.
             The game lasted 00:18:31 (1455 turns).

jacobsmitz the Skirmisher (Hill Orc Fighter)        Turns: 1455, Time: 00:18:31

Health: -5/33      AC:  9    Str: 18    XL:     3   Next: 64%
Magic:  3/3        EV:  7    Int:  8    God:
Gold:   77         SH:  9    Dex: 11    Spells: 2/2 levels left

rFire    . . .     SeeInvis .   u - +0 hand axe (drain)
rCold    . . .     Gourm    .   c - +0 shield
rNeg     . . .     Faith    .   b - +1 scale mail
rPois    .         Spirit   .   w - +0 helmet
rElec    .         Reflect  .   (no cloak)
rCorr    .         Harm     .   (no gloves)
MR       .....                  (no boots)
Stlth    ..........             (no amulet)
HPRegen  0.11/turn              (no ring)
MPRegen  0.08/turn              (no ring)

@: about to teleport
A: no striking features
a: no special abilities


You were on level 6 of the Dungeon.
You were not hungry.

You visited 1 branch of the dungeon, and saw 5 of its levels.

You collected 77 gold pieces.

Inventory:

Hand Weapons
 a - a +0 flail
 i - a +0 whip
 j - a +0 dagger
 l - a +0 club
 t - a +0 hand axe
 u - a +0 hand axe of draining (weapon)
 x - a +0 long sword
 y - a cursed -2 rapier
 B - a +0 short sword of venom
Missiles
 e - 29 stones (quivered)
 q - 6 arrows
Armour
 b - a +1 scale mail (worn)
 c - a +0 shield (worn)
 r - a +0 robe
 s - a +0 leather armour
 w - a +0 helmet (worn)
Jewellery
 n - an uncursed ring of ice {unknown}
Scrolls
 g - a scroll of teleportation
 h - a scroll of blinking {unknown}
 o - a scroll of immolation {unknown}
 p - a scroll of identify {unknown}
 v - 3 scrolls of remove curse {unknown}
 A - a scroll of fear {unknown}
Potions
 k - a potion of curing {unknown}
 m - 3 potions of ambrosia {unknown}
Comestibles
 f - 5 rations
 z - a chunk of flesh


   Skills:
 + Level 4.1 Fighting
 + Level 0.4(2.1) Axes
 + Level 2.7 Maces & Flails
 + Level 3.7 Armour
 + Level 0.2 Dodging
 + Level 3.7 Shields


You had 2 spell levels left.
You didn't know any spells.

Dungeon Overview and Level Annotations

Branches:
Dungeon (4/15)
 Temple: D:4-7

Altars:

Annotations:
D:4 Menkaure


Message History

Found a stone staircase leading down.
You start resting.
An ogre comes into view. It is wielding a giant club.
The ogre shouts!
You hear a bark!
A jackal comes into view.
A jackal and a zombie come into view.
Your shield and scale mail prevent you from hitting the ogre.
The ogre hits you with a giant club!
* * * LOW HITPOINT WARNING * * *
As you read the scroll labeled NAILEL JEISM, it crumbles to dust.
You feel aware of your surroundings.
You sensed 1 shop/portal.
It was a scroll of magic mapping.
You block the ogre's attack.
The jackal bites you but does no damage.
As you read the scroll labeled ROPUXI DELOSCHU, it crumbles to dust.
You feel strangely unstable.
It was a scroll of teleportation.
The jackal bites you but does no damage.
The ogre hits you with a giant club!
You die...

******,,***,**,**,*****,*
,,,,,,,,,...##.#*,* *,*
******,,,#......,,* *,*
,,,,,,,,,,..#...#### *,*
,,,,,***,*,.....>..# *,*
,,,,,* *,,,,#h.....# *,*
***,,***,*,,##.#...####,*
,,*,*,,,,#..#.Zh......#,*
,,*,**,**#.....O@.....#.###*
,,,,**,* ##.#....#.........*
,,****,* #.....###.....##.*
,,* *,* #.####,*.###.##*,*
*,* *,* #,* *,..* *.# *,*
*,* *,* *,****#.#* *,# *,*
*,* *,* *,,,,*#.* *,*
*,****** ,,* *,* ****,*#.*
*,* *,,,,,,, ,,****,* *,*#,*
*,* ********


You could see an ogre, a bullfrog zombie and 2 jackals.

Vanquished Creatures
  An adder (D:3)
  A dart slug (D:1)
  A leopard gecko (D:1)
  3 giant cockroaches
  6 goblins
  A hobgoblin (D:1)
  4 kobolds
  A quokka (D:3)
  6 bats (D:1)
  2 frilled lizards
  5 rats (D:1)
31 creatures vanquished.

Notes
Turn   | Place    | Note
-------+----------+-------------------------------------------
     0 | D:1      | jacobsmitz the Hill Orc Fighter began the quest for the Orb.
     0 | D:1      | Reached XP level 1. HP: 19/19 MP: 1/1
   150 | D:1      | Reached skill level 4 in Fighting
   150 | D:1      | Reached XP level 2. HP: 10/27 MP: 2/2
   563 | D:1      | Reached XP level 3. HP: 30/33 MP: 3/3
  1440 | D:4      | Noticed Menkaure
  1444 | D:4      | You fall through a shaft for 2 floors!
  1450 | D:6      | Noticed an ogre
  1455 | D:6      | Slain by an ogre

Skill      XL: |  1 |
---------------+----+-----
Fighting       | 4 |  4.1
Axes           | |  0.4
Maces & Flails | |  2.7
Armour         | |  3.7
Dodging        | |  0.2
Shields        | |  3.7

Action                   || total
-------------------------++-------
Melee: Flail             ||    24
       Whip              ||    57
       Hand axe          ||    51
  Use: Scroll            ||     3
       Potion            ||     1
  Eat: Ration            ||     1
Armor: Scale mail        ||    71
Dodge: Dodged            ||    35
Block: Shield            ||    81
